 Dungeon Crawl Stone Soup version 0.19-a0-277-g85cb9a5 (webtiles) character file.

40 Lugonue the Firebug (level 3, -1/26 HPs)
             Began as a Hill Orc Fire Elementalist on May 26, 2016.
             Was a Follower of Pakellas.
             Slain by an adder (2 damage)
             ... on level 2 of the Dungeon.
             The game lasted 00:06:32 (1364 turns).

Lugonue the Firebug (Hill Orc Fire Elementalist)    Turns: 1364, Time: 00:06:32

Health: -1/26      AC:  2    Str: 11    XL:     3   Next: 50%
Magic:  0/5        EV: 12    Int: 15    God:    Pakellas [*.....]
Gold:   111        SH:  0    Dex: 11    Spells: 2 memorised, 1 level left

rFire  . . .     SeeInvis .     (no weapon)
rCold  + . .     Gourm    .     a - +0 robe
rNeg   . . .     Faith    .     (no shield)
rPois  .         Spirit   .     (no helmet)
rElec  .         Dismiss  .     (no cloak)
rCorr  .         Reflect  .     (no gloves)
SustAt +         Harm     .     (no boots)
MR     .....                    (no amulet)
Stlth  ++........               m - ring of sustain attributes
                                g - ring of protection from cold

@: lethally poisoned (-1 -> -8), not resistant to hostile enchantments,
unstealthy
A: no striking features
a: Quick Charge, Renounce Religion


You were on level 2 of the Dungeon.
You worshipped Pakellas.
Pakellas was aware of your devotion.
You were not hungry.

You visited 1 branch of the dungeon, and saw 2 of its levels.

You collected 111 gold pieces.

Inventory:

Armour
 a - a +0 robe (worn)
Jewellery
 g - a ring of protection from cold (left hand)
 m - a ring of sustain attributes (right hand)
Wands
 l - a wand of polymorph (19/24)
Scrolls
 d - a scroll of identify {unknown}
 h - a scroll of fog {unknown}
 j - a scroll of remove curse {unknown}
Potions
 e - a potion of resistance {unknown}
 f - 2 potions of mutation {unknown}
 k - a potion of lignification {unknown}
Books
 b - a book of Flames

   Spells                             Type                      Level
   a - Flame Tongue                   Conjuration/Fire             1
   b - Throw Flame                    Conjuration/Fire             2
   c - Conjure Flame                  Conjuration/Fire             3
   d - Inner Flame                    Hexes/Fire                   3
   e - Sticky Flame                   Conjuration/Fire             4
   f - Fireball                       Conjuration/Fire             5
Comestibles
 c - a bread ration
 i - 3 fruits


   Skills:
 + Level 0.2 Fighting
 + Level 2.1 Dodging
 + Level 1.7 Stealth
 + Level 1.9 Spellcasting
 + Level 1.5 Conjurations
 + Level 3.7 Fire Magic


You had one spell level left.
You knew the following spells:

 Your Spells              Type           Power        Failure   Level  Hunger
a - Flame Tongue          Conj/Fire      #....        10%         1    ##.....
b - Conjure Flame         Conj/Fire      #.......     24%         3    ####...


Dungeon Overview and Level Annotations

Branches:
Dungeon (2/15)

Altars:
Pakellas


Message History

The adder is heavily wounded.
You feel sick. The adder bites you.
You hit the adder but do no damage.
The adder is heavily wounded.
* * * LOW HITPOINT WARNING * * *
You feel sick. The adder barely misses you. The adder closely misses you.
You are too injured to fight recklessly!
You are too injured to fight recklessly!
You are too injured to fight recklessly!
You are too injured to fight recklessly!
You are too injured to fight recklessly!
You are too injured to fight recklessly!
* * * LOW HITPOINT WARNING * * *
You feel sick. The adder bites you.
* * * LOW HITPOINT WARNING * * *
The adder bites you but does no damage.
* * * LOW HITPOINT WARNING * * *
You feel sick. The adder barely misses you. The adder bites you.
You die...
Pakellas says: Good help is so hard to find these days!

#.#.#.##.###.#.##.
#.#..##.⌠.### ⌠.
#.#.####.#.## ##
#...#.#.#.#.##
#..#.⌠.###.⌠.##
#...#.#.#.#.#.##
#...####.###.#.##
##.. #.⌠.###.♣.#
... ## #.###@##
#.## #.....#S..#
.. ...###. ...#
#.. ## #.## .# .#
#


You could see an adder.

Vanquished Creatures
  An adder (D:2)
  2 giant geckos
  A giant cockroach (D:2)
  8 goblins
  2 hobgoblins
  4 bats
  3 giant newts
  3 kobolds (D:1)
  3 rats (D:1)
27 creatures vanquished.

Notes
Turn   | Place    | Note
--------------------------------------------------------------
     0 | D:1      | Lugonue the Hill Orc Fire Elementalist began the quest for the Orb.
     0 | D:1      | Reached XP level 1. HP: 14/14 MP: 3/3
   130 | D:1      | Reached XP level 2. HP: 20/20 MP: 0/4
   968 | D:2      | Found a faded altar to an unknown god.
   979 | D:2      | Became a worshipper of Pakellas the Inventive
   979 | D:2      | Reached * piety under Pakellas
   979 | D:2      | Received a gift from Pakellas
   988 | D:2      | Reached XP level 3. HP: 26/26 MP: 5/5
  1339 | D:2      | Learned a level 3 spell: Conjure Flame
  1362 | D:2      | HP: 1/26 [adder (5)]
  1364 | D:2      | Slain by an adder

Vault maps used:
D:1:      dpeg_arrival_more_subterranean_lakeside_camping
D:2:      ecumenical_altar_1, grunt_decor_mini_mirrors, solitary_fountain,
          uniq_robin, uniq_sigmund

Skill      XL: |  1  2  3 |
---------------+----------+-----
Dodging        | 2 |  2.1
Fighting       | |  0.2
Stealth        | |  1.7
Spellcasting   | |  1.9
Conjurations   | |  1.5
Fire Magic     | |  3.7

Action                   || total
-------------------------++-------
Melee: Unarmed           ||    57
 Cast: Flame Tongue      ||    37
 Stab: Distracted        ||     1
  Eat: Chunk             ||     2
Armor: Robe              ||    20
Dodge: Dodged            ||    63
